AoeStats
← TeCXITO

Arena

514372481Analyzed
1v1 RM · 3d ago on Oct 17, 2026· 41m 29s· 2 players
Game mode
Random Map
Map size
Tiny (2 player)
Population
200
Speed
Normal
Resources
Standard
Victory
Conquest
Starting age
Dark Age
Ending age
Imperial Age
RankedLock teamsTeams togetherTeam positionsShared explorationLock speedFull tech treeHidden civsTurbo modeCheats
Victory
Defeat
🇹🇷 Turks · Türkiye
896
+17
vs
🇨🇱 Spanish · Chile
912
-17
humanizli
8:48 Loom
10:57 Feudal Age
18:03 Castle Age
16:12 Double-Bit Axe
31:09 Imperial Age
28:43 Town Watch
29:34 Wheelbarrow
32:33 Squires
34:29 Bloodlines
34:14 Arson
36:53 Murder Holes
36:49 Heated Shot
39:21 Town Patrol
TeCXITO
10:47 Feudal Age
11:21 Double-Bit Axe
11:18 Horse Collar
18:25 Castle Age
19:00 Bloodlines
19:51 Bow Saw
19:43 Heavy Plow
19:57 Gold Mining
21:09 Stone Mining
21:24 Husbandry
21:37 Bloodlines
27:25 Scale Barding Armor
30:23 Imperial Age
28:21 Loom
29:14 Wheelbarrow
29:23 Chain Barding Armor
32:25 Two-Man Saw
32:42 Chemistry
32:12 Conscription
32:33 Plate Barding Armor
31:23 Light Cavalry
32:54 Ballistics
33:15 Pikeman
33:56 Squires
34:32 Hand Cart
Connection lost

Rejoining the realm…

Still unreachable

The connection could not be restored.

Session expired

The server has moved on; the page needs a fresh start.